 Dungeon Crawl Stone Soup version 0.19-a0-559-ga3d69d0 (webtiles) character file.

509899 Ijustatesigmund the Imperceptible (level 26, -11/185 HPs)
             Began as a Kobold Berserker on June 6, 2016.
             Was a High Priest of Trog.
             Shot with a bolt by a yaktaur captain (33 damage)
             ... on level 5 of the Vaults on June 8, 2016.
             The game lasted 05:40:11 (70971 turns).

Ijustatesigmund the Imperceptible (KoBe)           Turns: 70971, Time: 05:40:13

Health: -11/185    AC: 23    Str: 21    XL:     26   Next: 80%
Magic:  12/12      EV: 34    Int:  7    God:    Trog [*****.]
Gold:   4364       SH: 18    Dex: 33    Spells: 0 memorised, 25 levels left

rFire  + + +     SeeInvis .     G - +9 rapier of Noh Yzou {antimagic, Str+2}
rCold  + + .     Gourm    .     a - +1 scale mail "Uviacose" {+Fly rF++ rC+ Regen+}
rNeg   + . .     Faith    +     L - +3 shield {reflect}
rPois  .         Spirit   .     T - +2 helmet
rElec  +         Dismiss  .     Q - +0 cloak of the Original Sin {+Blink MR+ Str-5 Dex+6}
rCorr  .         Reflect  +     P - +2 pair of gloves {Dex+3}
SustAt .         Harm     .     k - +1 pair of boots
MR     +++..     Clarity  +     t - amulet of Uxtef {Faith rC+ MR+ Str+2 Int+2}
Stlth  ++++++++++               (no ring)
                                g - ring of the Scavenger {rElec rF+ rN+ Dex+2 Stlth+}

@: mighty, exhausted, very slightly contaminated, slowed, very slow, extremely
resistant to hostile enchantments, uncannily stealthy
A: molten scales 1, rugged brown scales 1, carnivore 3, clarity, clumsy 1, weak
1
a: Berserk, Trog's Hand, Brothers in Arms, Burn Spellbooks, Renounce Religion,
Evoke Blink, Evoke Flight
}: 2/15 runes: serpentine, barnacled


You were on level 5 of the Vaults.
You worshipped Trog.
Trog was extremely pleased with you.
You were not hungry.

You visited 10 branches of the dungeon, and saw 47 of its levels.
You also visited: Ice Cave and Wizlab.

You collected 6687 gold pieces.
You spent 2323 gold pieces at shops.

Inventory:

Hand Weapons
 x - a +9 short sword of protection
 G - the +9 rapier of Noh Yzou (weapon) {antimagic, Str+2}
   (Trog gifted it to you on level 8 of the Lair of Beasts)

   It reduces the magical energy of the wielder, and disrupts the spells and
   magical abilities of those hit.
   Natural abilities and divine invocations are not affected.
   It affects your strength (+2).
 K - a +9 rapier of holy wrath
 O - the +2 rapier of Famine {vamp, rPois MR+ Stlth+}
   (Trog gifted it to you on level 1 of the Lair of Beasts)

   It inflicts no extra harm, but heals its wielder somewhat when it strikes a
   living foe.
   It protects you from poison.
   It affects your resistance to hostile enchantments.
   It makes you more stealthy.
 W - the +10 short sword of Abomination {freeze, Int+9}
   (Trog gifted it to you on level 4 of the Shoals)

   It has been specially enchanted to freeze those struck by it, causing extra
   injury to most foes and up to half again as much damage against particularly
   susceptible opponents.
   It can also slow down cold-blooded creatures.
   It affects your intelligence (+9).
Missiles
 e - 9 throwing nets (quivered)
Armour
 a - the +1 scale mail "Uviacose" (worn) {+Fly rF++ rC+ Regen+}
   (You found it on level 2 of the Snake Pit)

   It greatly protects you from fire.
   It protects you from cold.
   It lets you fly.
   It increases your rate of regeneration.
 k - a +1 pair of boots (worn)
 D - the +7 faerie dragon armour {*Drain rN+++ Slay+2}
   (You took it off the Enchantress on level 1 of the Depths)

   It affects your accuracy and damage with ranged weapons and melee attacks
   (+2).
   It renders you almost immune to negative energy.
   It causes draining when unequipped.
 L - a +3 shield of reflection (worn)
 P - a +2 pair of gloves of dexterity (worn)
 Q - the +0 cloak of the Original Sin (worn) {+Blink MR+ Str-5 Dex+6}
   (You acquired it on level 6 of the Lair of Beasts)

   It affects your strength (-5).
   It affects your dexterity (+6).
   It affects your resistance to hostile enchantments.
   It lets you blink.
 T - a +2 helmet (worn)
Jewellery
 g - the ring of the Scavenger (left hand) {rElec rF+ rN+ Dex+2 Stlth+}
   (You bought it in a shop on level 1 of the Vaults)

   [ring of protection from fire]

   It affects your dexterity (+2).
   It protects you from fire.
   It insulates you from electricity.
   It protects you from negative energy.
   It makes you more stealthy.
 t - the amulet of Uxtef (around neck) {Faith rC+ MR+ Str+2 Int+2}
   (You found it on level 9 of the Dungeon)

   [amulet of faith]

   It allows you to gain divine favour quickly.
   It affects your strength (+2).
   It affects your intelligence (+2).
   It protects you from cold.
   It affects your resistance to hostile enchantments.
 u - an uncursed ring of see invisible
 v - an uncursed ring of positive energy
 C - the ring "Unamifaf" {SustAt rC+}
   (You found it on level 1 of the Elven Halls)

   [ring of sustain attributes]

   It sustains your strength, intelligence and dexterity.
   It protects you from cold.
 H - the ring "Qeath" {rF+ Int+6 Slay+5}
   (You found it on level 8 of the Lair of Beasts)

   [ring of slaying]

   It affects your intelligence (+6).
   It affects your accuracy and damage with ranged weapons and melee attacks
   (+5).
   It protects you from fire.
Wands
 d - a wand of disintegration (3/24)
 f - a wand of hasting (4/9)
 h - a wand of digging (8/24)
 j - a wand of confusion (24/48)
 l - a wand of lightning (6/15)
 q - a wand of teleportation (0/9)
 w - a wand of acid (8/15)
 A - a wand of iceblast (5/15)
Scrolls
 r - 3 scrolls of immolation
 y - 13 scrolls of remove curse
 I - 2 scrolls of identify
 R - a scroll of teleportation
 X - a scroll of fear
 Z - 4 scrolls of fog
Potions
 b - 2 potions of might
 m - a potion of agility
 n - 2 potions of curing
 p - 2 potions of cure mutation
 z - 5 potions of flight
 E - 2 potions of resistance
 J - 5 potions of cancellation
Miscellaneous
 i - a phantom mirror
 F - a disc of storms
 U - a box of beasts
Comestibles
 c - 24 meat rations


   Skills:
 + Level 22.4 Fighting
 - Level 21.0 Short Blades
 - Level 10.1 Throwing
 - Level 11.3 Armour
 - Level 21.0 Dodging
 + Level 23.6 Stealth
 - Level 11.2 Shields
 - Level 19.0 Evocations


You had 25 spell levels left.
You didn't know any spells.

Dungeon Overview and Level Annotations

Branches:
Dungeon (15/15)            Temple (0/1) D:6            Lair (8/8) D:11
 Shoals (4/4) Lair:3        Snake (4/4) Lair:6        Slime (0/6) Lair:6
    Orc (2/2) D:10            Elf (3/3) Orc:2        Vaults (5/5) D:13
  Crypt (3/3) Vaults:3       Tomb (1/3) Crypt:3      Depths (2/5) D:15

Altars:
Cheibriados
Dithmenos
Fedhas
Hepliaklqana
Kikubaaqudgha
Makhleb
Nemelex Xobeh
Okawaru
Qazlal
Sif Muna
Trog
Vehumet
Xom
Yredelemnul
Zin
The Shining One
Beogh

Shops:
D:6 !   D:11 %   Orc:2 %=*}[   Elf:2 *   Vaults:1 =   Vaults:4 [?*:?

Portals:
Hell: Lair:8 Depths:1 Depths:2
Pandemonium: Depths:2
Ziggurat: Depths:2

Annotations:
D:8 exclusion: ice statue
D:12 Maud
Shoals:2 Nikola, Polyphemus
Shoals:4 exclusion: oklob plant


Innate Abilities, Weirdness & Mutations

You are small and have problems with some larger weapons.
You are carnivorous and can eat meat at any time.
You are partially covered in molten scales. (AC +1)
You are partially covered in rugged brown scales. (AC +1, +3% HP)
You possess an exceptional clarity of mind.
You are clumsy. (Dex -2)
You are weak. (Str -2)


Message History

Zapping:
q - a wand of teleportation (1/9)
Press: ? - help, Shift-Dir - straight line, f - you You feel strangely unstable.
This wand has 0 charges left.
Okay, then.
As you read the scroll of fear, it crumbles to dust.
You assume a fearsome visage.
The war gargoyle is unaffected.
Your surroundings suddenly seem different.
The yaktaur captain wields an arbalest.
The yaktaur captain shoots a bolt.
You reflect the bolt off your +3 shield of reflection!
The bolt hits the yaktaur captain!!!
A hornet, 3 yaktaurs, a stone giant and a vault warden come into view.
A yaktaur is wielding a bloodstained scimitar {slice}.
Blink to where?
Press: ? - help, Dir - move target cursor
As you read the scroll of blinking, it crumbles to dust.
The vault warden shouts!
The hornet changes into a tarantella!
The vault warden activates a sealing rune.
The yaktaur captain shoots a bolt.
The bolt hits you!!
You die...

.......p...# ..#
.....c.Lp.L##..p.#.p...
....(C.p....#...s#....
....(.p....p#.C..#....
...(####.......Cc....
###########e...c...#####
.......ยง...[.........
..........[<<[(......
.........[c[[@.......
........p[[<<[.......
########.[[[[[..#####
.%.....[[....#
%....#....#..#
%....#....##... ###.
#....# #.. # #....# ..#
#..%.#


You could see a titan, an ancient lich (wandering), a stone giant (wandering), 3
vault wardens, a yaktaur captain, a deep elf annihilator, an ironbrand convoker
(wandering), 2 yaktaurs and a tarantella shaped shifter (wandering).

Vanquished Creatures
  Khufu (Crypt:3)
  Mara (Depths:1)
  An ancient lich (Vaults:5)
  A greater mummy (Tomb:1)
  The ghost of removeelyvilon the Convoker, a veteran DsSu of Ashenzari (Elf:3)
  A golden dragon (Depths:2)
  A bone dragon (Crypt:3)
  the Enchantress (Depths:1)
  A profane servitor (Crypt:3)
  An iron giant (Depths:2)
  2 tentacled monstrosities (Vaults:5)
  An Ice Fiend (IceCv)
  2 liches
  3 titans (Vaults:5)
  2 deep elf blademasters (Elf:3)
  A deep elf master archer (Elf:3)
  Frances (Shoals:2)
  5 sphinxes
  3 ancient champions
  2 tengu reavers
  Agnes (Elf:1)
  3 storm dragons
  A sphinx (shapeshifter) (Vaults:5)
  4 revenants
  Kirke (Lair:7)
  2 shadow dragons (Vaults:5)
  Donald (Vaults:1)
  Ilsuiw (Shoals:4)
  5 greater nagas (Snake:4)
  6 fire giants
  11 vault wardens
  Aizul (Vaults:1)
  An iron dragon (Depths:2)
  8 deep elf sorcerers
  5 frost giants
  A balrug (Depths:1)
  3 deep elf elementalists (Elf:3)
  7 ghouls
  2 spriggan defenders (Depths:1)
  2 very ugly things (Vaults:4)
  3 ironheart preservers
  21 stone giants
  A curse skull (Crypt:3)
  An apis (shapeshifter) (Vaults:5)
  4 vampire knights
  7 deep elf demonologists
  9 deep elf annihilators (Elf:3)
  A dire elephant (Lair:8)
  An eidolon (Crypt:1)
  7 merfolk javelineers
  4 mummy priests
  5 ettins
  Josephine (D:12)
  23 jiangshi
  11 deep elf death magi
  3 great orbs of eyes
  8 merfolk impalers
  A fire dragon (Depths:1)
  An entropy weaver (Depths:1)
  Snorg (Lair:5)
  30 vault guards
  4 ice dragons
  7 yaktaur captains
  A quicksilver dragon skeleton (Crypt:1)
  3 deep elf high priests
  Erolcha (D:8)
  A hydra (shapeshifter) (Vaults:3)
  12 hydras
  2 spriggan air magi
  A hell beast (Depths:2)
  A rakshasa (Depths:1)
  11 centaur warriors
  A merfolk avatar (Shoals:4)
  14 naga warriors
  16 ogre magi
  31 dancing weapons
  6 death knights
  A death yak (shapeshifter) (Vaults:4)
  5 tengu warriors
  8 anacondas
  4 merfolk aquamancers
  2 satyrs
  5 shock serpents
  4 vampire magi
  6 hell knights
  7 naga sharpshooters
  2 sun demons (Depths:1)
  Nergalle (Lair:2)
  21 deep elf knights
  2 spriggan berserkers
  9 soul eaters (Crypt:1)
  2 titan skeletons (Crypt:1)
  7 shadow wraiths
  29 skeletal warriors
  A fire crab (Lair:6)
  2 salamander mystics (Snake:3)
  An unseen horror (shapeshifter) (Vaults:1)
  2 unseen horrors
  8 sea snakes
  A deep troll (Vaults:3)
  2 giant orange brains
  11 flayed ghosts
  7 anubis guards (Tomb:1)
  9 phantasmal warriors
  9 hill giants
  A torturous demonspawn (Depths:2)
  7 necromancers
  4 naga ritualists
  A spectral wolf spider (Crypt:3)
  3 wizards
  10 deep elf archers
  4 mana vipers
  2 orc sorcerers
  19 harpies
  10 ironbrand convokers
  8 orc knights
  A frost giant zombie (Vaults:2)
  2 orb spiders (shapeshifter)
  4 wolf spiders
  A stone giant zombie (Crypt:1)
  9 griffons
  74 deep elf magi
  10 fauns
  8 salamanders
  2 oklob plants
  A hornet (Vaults:4)
  9 cyclopes
  A shining eye (Depths:2)
  A sphinx skeleton (Vaults:1)
  35 ugly things
  A hornet (shapeshifter) (Vaults:1)
  10 manticores
  A large abomination (Crypt:3)
  A frost giant skeleton (Vaults:1)
  A moth of wrath (shapeshifter) (Elf:1)
  3 water nymphs
  A shock serpent zombie (Crypt:3)
  10 sirens
  Maurice (D:8)
  A sixfirhy (Lair:8)
  43 black mambas
  2 centaur zombies
  5 guardian serpents
  14 vault sentinels
  20 elephants
  24 naga magi
  An octopode (shapeshifter) (Vaults:5)
  4 spectral swamp worms (Depths:2)
  An ice statue (IceCv)
  10 spiny frogs
  5 rime drakes
  2 kobold demonologists
  An iron troll zombie (Crypt:2)
  An anaconda simulacrum (IceCv)
  5 ice devils
  A komodo dragon (shapeshifter) (Vaults:1)
  12 komodo dragons
  A yaktaur (shapeshifter) (Depths:1)
  15 freezing wraiths
  14 trolls
  23 yaktaurs
  3 tengu conjurers
  A hellwing (Lair:8)
  8 guardian mummies
  6 small abominations
  A yaktaur skeleton (Vaults:1)
  2 queen bees (shapeshifter)
  A red devil (Depths:2)
  A queen bee (Lair:4)
  A sphinx simulacrum (Vaults:2)
  A hydra skeleton (Crypt:1)
  7 boulder beetles
  3 wind drakes
  30 merfolk
  A jumping spider (shapeshifter) (Vaults:1)
  A two-headed ogre (shapeshifter) (Vaults:2)
  33 two-headed ogres
  A bog body (Crypt:2)
  28 slime creatures
  A wolf spider simulacrum (IceCv)
  11 blink frogs
  A polar bear (Lair:7)
  Prince Ribbit (D:7)
  A blink frog (shapeshifter) (Vaults:3)
  An ettin zombie (Vaults:3)
  A tarantella zombie (Crypt:2)
  2 ushabtiu (Tomb:1)
  A spectral black mamba (Crypt:3)
  3 snapping turtles
  An ettin skeleton (Vaults:3)
  A frost giant simulacrum (Vaults:2)
  A black mamba zombie (Crypt:1)
  23 shadows
  7 redbacks
  65 flying skulls
  A redback (shapeshifter) (Depths:2)
  A fire dragon skeleton (Crypt:2)
  4 air elementals
  19 wraiths
  13 water elementals
  A tarantella (shapeshifter) (Vaults:1)
  A ynoxinul (Depths:2)
  A spriggan (Depths:1)
  3 wyverns
  2 dire elephant simulacra (IceCv)
  95 yaks
  A vampire (D:11)
  Grum (D:8)
  5 humans (D:9)
  5 fire elementals
  5 basilisks
  6 hogs (Lair:7)
  A spectral elf (Crypt:3)
  A golden eye (shapeshifter) (Vaults:1)
  A steam dragon (D:11)
  A neqoxec (Depths:2)
  16 hippogriffs
  A chaos spawn (Depths:2)
  12 vampire mosquitoes
  5 wargs
  A merfolk zombie (Crypt:1)
  5 mottled dragons
  A soldier ant (D:12)
  55 nagas
  A harpy simulacrum (IceCv)
  An iron troll simulacrum (IceCv)
  A soldier ant (shapeshifter) (Vaults:1)
  15 water moccasins
  A hell hound (Lair:8)
  A deep troll skeleton (Vaults:1)
  8 hydra simulacra (IceCv)
  A giant eyeball (Depths:2)
  2 ice beasts
  16 porcupines
  25 orc warriors
  3 black bears
  A spiny frog skeleton (Crypt:1)
  An elf zombie (Vaults:2)
  3 phantoms
  8 boggarts
  4 sky beasts
  2 ettin simulacra (IceCv)
  6 necrophages
  17 wolves
  An ogre (shapeshifter) (Elf:2)
  70 ogres
  23 centaurs
  25 crocodiles
  5 big kobolds
  24 giant frogs
  A gnoll sergeant (D:11)
  2 human skeletons
  5 scorpions
  A troll zombie (Crypt:1)
  2 wyvern skeletons
  23 killer bees
  A shapeshifter zombie (Crypt:2)
  A spriggan skeleton (Crypt:2)
  6 howler monkeys
  7 wights
  2 vampire bats (Lair:2)
  4 electric eels
  3 crimson imps
  2 quasits
  7 draconian simulacra (IceCv)
  4 giant frog skeletons
  4 giant frog zombies
  7 hounds
  5 jellies
  16 orc priests
  5 iron imps (Depths:2)
  Crazy Yiuf (D:3)
  6 centaur skeletons
  18 orc wizards
  13 worker ants
  9 iguanas
  2 hell rats (Lair:3)
  A polar bear simulacrum (IceCv)
  3 spriggan simulacra (IceCv)
  3 troll simulacra (IceCv)
  A wolf simulacrum (IceCv)
  47 sheep
  2 centaur simulacra (IceCv)
  A demigod zombie (Crypt:2)
  A hound zombie (D:9)
  A naga skeleton (Crypt:1)
  2 hound skeletons
  4 mummies (Tomb:1)
  2 worker ant zombies (D:11)
  3 gnolls (D:11)
  16 adders
  2 naga simulacra (IceCv)
  69 river rats
  4 shadow imps
  A swamp drake skeleton (Crypt:1)
  6 white imps
  An ufetubus (IceCv)
  2 oozes (D:3)
  2 adder skeletons
  An adder zombie (D:5)
  A worm (D:2)
  2 dart slugs
  2 giant geckos
  83 orcs
  3 giant cockroaches
  7 goblins
  8 hobgoblins
  6 jackals
  16 kobolds
  4 quokkas
  3 ball pythons
  A ball python skeleton (D:6)
  21 bats
  6 giant newts
  A jackal skeleton (Crypt:2)
  An orc skeleton (Tomb:1)
  20 rats
  A river rat zombie (Crypt:1)
  A fungus (D:3)
  2 lost souls
  A plant (Lair:2)
2283 creatures vanquished.

Vanquished Creatures (collateral kills)
  3 sphinxes (Tomb:1)
  A spriggan defender (Depths:1)
  The ghost of tstbtto the Severer, a journeyman DDFi of Ru (D:13)
  Nessos (Lair:7)
  A deep elf demonologist (Elf:3)
  3 vault guards (Vaults:3)
  An ogre mage (Orc:2)
  2 naga warriors (Snake:4)
  A merfolk aquamancer (Shoals:4)
  A spriggan berserker (Depths:1)
  A deep elf knight (Vaults:3)
  2 skeletal warriors (D:11)
  A small abomination (Elf:3)
  2 deep elf archers (Elf:3)
  A sea snake (Shoals:3)
  An ironbrand convoker (Vaults:3)
  A deep elf mage (Elf:3)
  A griffon (Shoals:3)
  A cyclops (Shoals:3)
  A manticore (Shoals:3)
  2 sirens (Shoals:4)
  3 naga magi (Snake:4)
  A black mamba (Snake:4)
  A smoke demon (Lair:8)
  2 yaktaurs (Vaults:3)
  A freezing wraith (Vaults:3)
  A yaktaur (shapeshifter) (Vaults:3)
  5 ice devils (Lair:8)
  2 guardian mummies
  2 merfolk (Shoals:4)
  2 red devils (Lair:8)
  2 slime creatures (D:15)
  6 two-headed ogres
  An ice dragon skeleton (Tomb:1)
  4 yaks
  A fire elemental (Elf:3)
  5 nagas
  A soldier ant (D:13)
  7 ogres
  A giant frog (Lair:7)
  5 killer bees (Lair:4)
  A human simulacrum (Vaults:3)
  4 sheep
  A rat (D:11)
  A plant (Lair:7)
89 creatures vanquished.

Vanquished Creatures (others)
  A deep elf master archer (Elf:3)
  A tengu reaver (Vaults:4)
  A deep elf elementalist (Elf:3)
  A deep elf annihilator (Elf:3)
  A skeletal warrior (Tomb:1)
  A deep elf archer (Elf:3)
  A salamander (Snake:4)
  A siren (Shoals:2)
  2 naga magi (Snake:4)
  A yaktaur (Vaults:4)
  A snapping turtle (Shoals:4)
  A crocodile (D:11)
  2 centaurs (D:15)
  3 killer bees
  2 sheep (Lair:6)
  4 white imps (IceCv)
  3 ufetubi (IceCv)
  A bush (Depths:1)
  3 crawling corpses (Elf:3)
  31 fungi
  6 lost souls
  56 plants
124 creatures vanquished.

Grand Total: 2496 creatures vanquished

Notes
Turn   | Place    | Note
--------------------------------------------------------------
     0 | D:1      | Ijustatesigmund the Kobold Berserker began the quest for the Orb.
     0 | D:1      | Reached XP level 1. HP: 14/14 MP: 1/1
   503 | D:1      | Reached XP level 2. HP: 19/19 MP: 2/2
   885 | D:1      | Reached XP level 3. HP: 22/24 MP: 3/3
  1380 | D:2      | Reached ** piety under Trog
  1387 | D:2      | Reached skill level 5 in Short Blades
  1408 | D:2      | Noticed an angel
  1430 | D:2      | Found a glowing silver altar of Zin.
  1431 | D:2      | Found a shimmering altar of Xom.
  1627 | D:2      | Reached XP level 4. HP: 27/29 MP: 4/4
  1666 | D:2      | Found a faded altar of an unknown god.
  1961 | D:3      | Reached *** piety under Trog
  1981 | D:3      | Reached XP level 5. HP: 28/34 MP: 5/5
  2319 | D:3      | Found an iron altar of Okawaru.
  2533 | D:3      | Noticed Crazy Yiuf
  2537 | D:3      | Killed Crazy Yiuf
  2746 | D:4      | Reached skill level 5 in Fighting
  2772 | D:4      | Reached XP level 6. HP: 38/40 MP: 6/6
  2966 | D:4      | Found a glowing golden altar of the Shining One.
  2967 | D:4      | Found a basalt altar of Yredelemnul.
  2968 | D:4      | Found a stormy altar of Qazlal.
  2983 | D:4      | Found a snail-covered altar of Cheibriados.
  3266 | D:4      | Reached XP level 7. HP: 24/46 MP: 7/7
  3845 | D:4      | Reached **** piety under Trog
  4335 | D:5      | Entered Level 5 of the Dungeon
  4590 | D:5      | Found a hazy altar of Hepliaklqana.
  4662 | D:5      | Reached XP level 8. HP: 47/53 MP: 8/8
  5961 | D:6      | Found Riymauw's Distillery.
  5969 | D:6      | Bought a potion of heal wounds for 50 gold pieces
  5969 | D:6      | Bought a potion of degeneration for 10 gold pieces
  5969 | D:6      | Bought a potion of curing for 30 gold pieces
  5997 | D:6      | Reached skill level 10 in Short Blades
  6022 | D:6      | Reached XP level 9. HP: 35/60 MP: 9/9
  6154 | D:6      | Found a staircase to the Ecumenical Temple.
  6356 | D:6      | Noticed a rust devil
  6493 | D:6      | Found a bloodstained altar of Trog.
  6738 | D:6      | Noticed an angel
  6978 | D:7      | Found a bloodstained altar of Trog.
  7106 | D:7      | Noticed Prince Ribbit
  7113 | D:7      | Killed Prince Ribbit
  7113 | D:7      | Reached skill level 5 in Dodging
  7361 | D:7      | Reached ***** piety under Trog
  7664 | D:8      | Found a sparkling altar of Nemelex Xobeh.
  7664 | D:8      | Noticed Grum
  7792 | D:8      | Killed Grum
  7792 | D:8      | Reached XP level 10. HP: 50/66 MP: 10/10
  8111 | D:8      | Noticed an ice statue
  8339 | D:8      | Found a blossoming altar of Fedhas.
  8350 | D:8      | Found an ancient bone altar of Kikubaaqudgha.
  8472 | D:8      | Noticed Erolcha
  8493 | D:8      | Killed Erolcha
  8493 | D:8      | Reached skill level 10 in Fighting
  8757 | D:8      | Noticed Maurice
  8917 | D:8      | Killed Maurice
  8957 | D:9      | Reached skill level 5 in Armour
  9018 | D:9      | Got a glittering lead amulet
  9025 | D:9      | Identified the amulet of Uxtef {Faith rC+ MR+ Str+2 Int+2} (You found it on level 9 of the Dungeon)
  9457 | D:9      | Found a radiant altar of Vehumet.
  9458 | D:9      | Found a burning altar of Makhleb.
  9553 | D:9      | Reached XP level 11. HP: 56/73 MP: 11/11
 10192 | D:9      | Noticed a three-headed hydra
 10210 | D:9      | Killed a three-headed hydra
 10468 | D:10     | Entered Level 10 of the Dungeon
 10615 | D:10     | Reached skill level 1 in Stealth
 10811 | D:10     | Reached skill level 2 in Stealth
 11110 | D:10     | Reached skill level 3 in Stealth
 11191 | D:10     | Received a gift from Trog
 11196 | D:10     | Found a staircase to the Orcish Mines.
 11296 | D:10     | Reached skill level 4 in Stealth
 11657 | D:11     | Reached skill level 10 in Dodging
 11657 | D:11     | Reached skill level 5 in Stealth
 11963 | D:11     | Noticed a four-headed hydra
 11981 | D:11     | Killed a four-headed hydra
 11981 | D:11     | Reached skill level 6 in Stealth
 12056 | D:11     | Reached XP level 12. HP: 80/80 MP: 4/12
 12070 | D:11     | Found a staircase to the Lair.
 12176 | D:11     | Found Babethus's Food Emporium.
 12456 | D:11     | Reached skill level 7 in Stealth
 12947 | D:11     | Reached skill level 8 in Stealth
 13099 | D:11     | Received a gift from Trog
 13570 | D:11     | Reached skill level 9 in Stealth
 14200 | D:12     | Reached skill level 10 in Stealth
 14201 | D:12     | Noticed Josephine
 14239 | D:12     | Killed Josephine
 14477 | D:12     | Noticed Maud
 14852 | Lair:1   | Entered Level 1 of the Lair of Beasts
 14865 | Lair:1   | Reached XP level 13. HP: 86/86 MP: 4/13
 15448 | Lair:1   | Reached ****** piety under Trog
 15452 | Lair:1   | Received a gift from Trog
 15466 | Lair:1   | Got a steaming rapier {god gift}
 15468 | Lair:1   | Identified the +2 rapier of Famine {vamp, rPois MR+ Stlth+} (Trog gifted it to you on level 1 of the Lair of Beasts)
 15565 | Lair:1   | Reached skill level 11 in Stealth
 16621 | Lair:2   | Noticed Nergalle
 16659 | Lair:2   | Killed Nergalle
 16770 | Lair:2   | Reached skill level 12 in Stealth
 16774 | Lair:2   | Reached skill level 15 in Short Blades
 17641 | Lair:3   | Found a staircase to the Shoals.
 17641 | Lair:3   | Found a bloodstained altar of Trog.
 17684 | Lair:3   | Gained mutation: You are partially covered in slimy green scales. (AC +2) [potion of mutation]
 17684 | Lair:3   | Gained mutation: You tend to lose your temper in combat. [potion of mutation]
 17684 | Lair:3   | Gained mutation: Your body sometimes deteriorates upon taking damage. [potion of mutation]
 17685 | Lair:3   | Lost mutation: Your body sometimes deteriorates upon taking damage. [potion of cure mutation]
 17685 | Lair:3   | Lost mutation: You tend to lose your temper in combat. [potion of cure mutation]
 17685 | Lair:3   | Lost mutation: You are partially covered in slimy green scales. (AC +2) [potion of cure mutation]
 17686 | Lair:3   | Gained mutation: You are partially covered in molten scales. (AC +1) [potion of mutation]
 17686 | Lair:3   | Gained mutation: You possess an exceptional clarity of mind. [potion of mutation]
 17686 | Lair:3   | Gained mutation: You are partially covered in rugged brown scales. (AC +1, +3% HP) [potion of mutation]
 17871 | Lair:3   | Received a gift from Trog
 18476 | Lair:4   | Noticed a seven-headed hydra
 18507 | Lair:4   | Killed a seven-headed hydra
 18690 | Lair:4   | Noticed an eight-headed hydra
 18700 | Lair:4   | Killed an eight-headed hydra
 18722 | Lair:4   | Reached skill level 13 in Stealth
 18864 | Lair:5   | Reached XP level 14. HP: 96/96 MP: 14/14
 19292 | Lair:4   | Received a gift from Trog
 19878 | Lair:4   | Identified a scroll of acquirement
 20183 | Lair:4   | Reached skill level 14 in Stealth
 20210 | Lair:4   | Reached skill level 1 in Evocations
 20591 | Lair:5   | Noticed Snorg
 20614 | Lair:5   | Killed Snorg
 20614 | Lair:5   | Reached skill level 5 in Evocations
 20647 | Lair:5   | Received a gift from Trog
 21426 | Lair:6   | Found a staircase to the Snake Pit.
 21460 | Lair:6   | Got a slimy scale mail
 21705 | Lair:6   | Received a gift from Trog
 22708 | Lair:6   | Found a staircase to the Slime Pits.
 22911 | Lair:6   | Got a heavily runed cloak
 22922 | Lair:6   | Identified the +0 cloak of the Original Sin {+Blink MR+ Str-5 Dex+6} (You acquired it on level 6 of the Lair of Beasts)
 22950 | Lair:5   | Identified the cursed +1 scale mail of Siedirer {MP+9 Str+3} (You found it on level 6 of the Lair of Beasts)
 22999 | Lair:7   | Reached skill level 10 in Evocations
 23080 | Lair:7   | Noticed Kirke
 23415 | Lair:7   | Killed Kirke
 23415 | Lair:7   | Reached XP level 15. HP: 103/103 MP: 23/23
 23465 | Lair:7   | Noticed Nessos
 23468 | Lair:7   | Received a gift from Trog
 25005 | D:13     | Noticed tstbtto's ghost (journeyman DDFi)
 25021 | D:13     | Killed tstbtto's ghost
 25251 | D:13     | Received a gift from Trog
 25257 | D:13     | Got a bone dagger {god gift}
 25402 | D:13     | Found a gate to the Vaults.
 26019 | D:14     | Reached skill level 1 in Shields
 26351 | D:14     | Identified the +9 dagger of Hekirgha {venom, rF+ rC+} (Trog gifted it to you on level 13 of the Dungeon)
 27470 | D:15     | Entered Level 15 of the Dungeon
 27496 | D:15     | Received a gift from Trog
 27754 | D:15     | Reached XP level 16. HP: 109/109 MP: 24/24
 28225 | D:15     | Found a shadowy altar of Dithmenos.
 28298 | D:15     | Found a staircase to the Depths.
 28566 | Orc:1    | Entered Level 1 of the Orcish Mines
 28566 | Orc:1    | Found a roughly hewn altar of Beogh.
 29187 | Orc:1    | Reached skill level 5 in Shields
 29207 | Orc:2    | Entered Level 2 of the Orcish Mines
 29524 | Orc:2    | Received a gift from Trog
 29815 | Orc:2    | Found Nepoe's Armour Emporium.
 29827 | Orc:2    | Bought a +1 buckler of poison resistance for 202 gold pieces
 29844 | Orc:2    | Found a staircase to the Elven Halls.
 30234 | Orc:2    | Found Raonuc's Jewellery Shop.
 30234 | Orc:2    | Found Vekar's Gadget Shoppe.
 30235 | Orc:2    | Found Lunafrach's Assorted Antiques.
 30235 | Orc:2    | Found Zueluczy's Food Emporium.
 30248 | Orc:2    | Bought a bubbling brown potion for 24 gold pieces
 30248 | Orc:2    | Bought a shiny chain mail for 121 gold pieces
 30786 | Lair:7   | Killed Nessos
 31860 | Lair:7   | Reached skill level 10 in Armour
 31884 | Lair:8   | Entered Level 8 of the Lair of Beasts
 31897 | Lair:8   | Received a gift from Trog
 31938 | Lair:8   | Got a faintly glowing rapier {god gift}
 31947 | Lair:8   | Identified the +9 rapier of Noh Yzou {antimagic, Str+2} (Trog gifted it to you on level 8 of the Lair of Beasts)
 32259 | Lair:8   | Reached XP level 17. HP: 95/114 MP: 11/25
 32611 | Lair:8   | Found a burning altar of Makhleb.
 32661 | Lair:8   | Found a gateway to Hell.
 32669 | Lair:8   | Got a fine granite ring
 32777 | Lair:8   | Identified the ring "Qeath" {rF+ Int+6 Slay+5} (You found it on level 8 of the Lair of Beasts)
 32849 | Lair:8   | Received a gift from Trog
 33537 | Shoals:1 | Entered Level 1 of the Shoals
 33662 | Shoals:1 | Reached skill level 15 in Dodging
 34275 | Shoals:1 | Upgraded the game from 0.19-a0-517-gd6a9987 to 0.19-a0-526-gbe2e51c
 34383 | Shoals:1 | Reached skill level 15 in Fighting
 34398 | Shoals:1 | Received a gift from Trog
 34656 | Shoals:2 | Noticed Frances
 34671 | Shoals:2 | Killed Frances
 34884 | Shoals:2 | Noticed Nikola
 34897 | Shoals:2 | Received a gift from Trog
 34937 | Shoals:2 | Noticed Polyphemus
 35606 | Shoals:3 | Received a gift from Trog
 35968 | Shoals:3 | Reached XP level 18. HP: 96/123 MP: 11/26
 36390 | Shoals:4 | Entered Level 4 of the Shoals
 36658 | Shoals:4 | Got a barnacled rune of Zot
 36697 | Shoals:4 | Noticed Ilsuiw
 36728 | Shoals:4 | Killed Ilsuiw
 37006 | Shoals:4 | Reached skill level 15 in Stealth
 37031 | Shoals:4 | Identified the Papyrus of the Evil Voyage
 37088 | Shoals:4 | Received a gift from Trog
 37103 | Shoals:4 | Got an ichor-stained short sword {god gift}
 37104 | Shoals:4 | Identified the +10 short sword of Abomination {freeze, Int+9} (Trog gifted it to you on level 4 of the Shoals)
 37474 | Shoals:4 | Reached skill level 1 in Throwing
 38120 | Vaults:1 | Entered Level 1 of the Vaults
 38123 | Vaults:1 | Found a snail-covered altar of Cheibriados.
 38128 | Vaults:1 | Noticed Aizul
 38136 | Vaults:1 | Killed Aizul
 38136 | Vaults:1 | Reached skill level 5 in Throwing
 38352 | Vaults:1 | Received a gift from Trog
 39156 | Vaults:1 | Found Nakk's Jewellery Shoppe.
 39164 | Vaults:1 | Bought the ring of the Scavenger {rElec rF+ rN+ Dex+2 Stlth+} for 903 gold pieces
 39210 | Vaults:1 | Noticed Donald
 39217 | Vaults:1 | Killed Donald
 39217 | Vaults:1 | Received a gift from Trog
 39253 | Vaults:1 | Reached XP level 19. HP: 128/128 MP: 12/29
 40119 | Vaults:2 | Reached skill level 15 in Evocations
 40482 | Vaults:2 | Received a gift from Trog
 41043 | Vaults:2 | Received a gift from Trog
 41480 | Vaults:3 | Got an ancient ring mail
 41714 | Vaults:3 | Identified the +1 ring mail of Misanthropy {rElec Dex+7 Stlth+} (You found it on level 3 of the Vaults)
 42011 | Vaults:3 | Reached skill level 16 in Stealth
 42033 | Vaults:3 | Received a gift from Trog
 42714 | Vaults:3 | Found a staircase to the Crypt.
 42799 | Vaults:3 | Reached XP level 20. HP: 135/135 MP: 10/32
 43210 | Vaults:4 | Found Ehaex's Book Boutique.
 43570 | Vaults:4 | Found Otsoj's Magic Scroll Boutique.
 43572 | Vaults:4 | Received a gift from Trog
 43614 | Vaults:4 | Bought a scroll of identify for 34 gold pieces
 43614 | Vaults:4 | Bought a scroll of identify for 34 gold pieces
 43614 | Vaults:4 | Bought a scroll of blinking for 127 gold pieces
 43775 | Vaults:4 | Reached skill level 17 in Stealth
 45038 | Vaults:4 | Found Xonweschuwn's General Store.
 45051 | Vaults:4 | Found Poin's Antique Armour Shoppe.
 45059 | Vaults:4 | Bought a twisted chain mail for 285 gold pieces
 45059 | Vaults:4 | Bought a pair of embroidered gloves for 135 gold pieces
 45060 | Vaults:4 | Identified the +5 chain mail of Zeolodgh {rC- Int+7} (You bought it in a shop on level 4 of the Vaults)
 45093 | Vaults:4 | Found Qaorino's Magic Scroll Boutique.
 45591 | Vaults:4 | Received a gift from Trog
 45790 | Vaults:4 | Reached skill level 10 in Shields
 45916 | Vaults:4 | Received a gift from Trog
 46211 | Vaults:4 | Bought a scroll of fog for 40 gold pieces
 46211 | Vaults:4 | Bought a scroll of enchant weapon for 150 gold pieces
 46211 | Vaults:4 | Bought a scroll of identify for 40 gold pieces
 46211 | Vaults:4 | Bought a scroll of fog for 40 gold pieces
 46493 | Snake:1  | Entered Level 1 of the Snake Pit
 47540 | Snake:2  | Reached XP level 21. HP: 134/140 MP: 32/34
 47849 | Snake:2  | Got a bloodstained scale mail
 47851 | Snake:2  | Identified the +1 scale mail "Uviacose" {+Fly rF++ rC+ Regen+} (You found it on level 2 of the Snake Pit)
 47895 | Snake:2  | Received a gift from Trog
 48145 | Snake:2  | Received a gift from Trog
 48980 | Snake:3  | Found a stormy altar of Qazlal.
 49684 | Snake:3  | Received a gift from Trog
 49895 | Snake:4  | Entered Level 4 of the Snake Pit
 50694 | Snake:4  | Received a gift from Trog
 50761 | Snake:4  | Reached skill level 10 in Throwing
 51519 | Snake:4  | Reached skill level 18 in Stealth
 51588 | Snake:4  | Got a serpentine rune of Zot
 51706 | Snake:4  | Received a gift from Trog
 52174 | Elf:1    | Entered Level 1 of the Elven Halls
 52195 | Elf:1    | Found a radiant altar of Vehumet.
 52370 | Elf:1    | Received a gift from Trog
 52381 | Elf:1    | Reached XP level 22. HP: 120/146 MP: 11/35
 52442 | Elf:1    | Found a frozen archway.
 52452 | IceCv    | Entered an ice cave
 52741 | IceCv    | Reached skill level 19 in Stealth
 53247 | Elf:1    | Noticed Agnes
 53259 | Elf:1    | Killed Agnes
 53476 | Elf:1    | Identified the Disquisition on Battle Magic
 53634 | Elf:1    | Reached skill level 20 in Stealth
 53762 | Elf:1    | Got a slimy glass ring
 53763 | Elf:1    | Identified the ring "Unamifaf" {SustAt rC+} (You found it on level 1 of the Elven Halls)
 53971 | Elf:2    | Received a gift from Trog
 54223 | Elf:2    | Found Asausami's Assorted Antiques.
 54258 | Elf:2    | Bought a scroll of magic mapping for 98 gold pieces
 54276 | Elf:2    | Found a huge runed gate.
 54276 | Elf:2    | Found a huge runed gate.
 54277 | Elf:2    | Found a huge runed gate.
 54278 | Elf:2    | Found a huge runed gate.
 54281 | Elf:2    | Reached skill level 21 in Stealth
 54284 | Elf:2    | Found a huge runed gate.
 54784 | Elf:2    | Received a gift from Trog
 55154 | Elf:3    | Entered Level 3 of the Elven Halls
 55212 | Elf:3    | Received a gift from Trog
 55721 | Elf:3    | Reached skill level 22 in Stealth
 55962 | Elf:3    | Noticed removeelyvilon's ghost (veteran DsSu)
 56132 | Elf:3    | Killed removeelyvilon's ghost
 56132 | Elf:3    | Reached XP level 23. HP: 125/151 MP: 13/36
 56138 | Elf:3    | Received a gift from Trog
 57184 | Elf:3    | Received a gift from Trog
 57184 | Elf:3    | Reached skill level 23 in Stealth
 57276 | Elf:3    | Got a transparent chain mail
 57277 | Elf:3    | Identified the +7 chain mail of Cheibriados's Whim {rPois rC+} (You took it off a deep elf blademaster on level 3 of the Elven Halls)
 57352 | Elf:3    | Got a jewelled quick blade {holy}
 57353 | Elf:3    | Identified the +4 quick blade of Exoneration {holy, rF+ rN+} (You took it off a deep elf annihilator on level 3 of the Elven Halls)
 58208 | Depths:1 | Entered Level 1 of the Depths
 58481 | D:15     | Received a gift from Trog
 58588 | D:15     | Received a gift from Trog
 58951 | Depths:1 | Got a smoking chain mail
 58952 | Depths:1 | Identified the +7 chain mail of the Hunter {*Corrode rC+ rN+ Int+4} (You found it on level 1 of the Depths)
 59173 | Depths:1 | Noticed Mara
 59180 | Depths:1 | Killed Mara
 59508 | Depths:1 | Noticed the Enchantress
 59541 | Depths:1 | Killed the Enchantress
 59543 | Depths:1 | Got a faerie dragon armour
 59655 | Depths:1 | Identified the +7 faerie dragon armour {*Drain rN+++ Slay+2} (You took it off the Enchantress on level 1 of the Depths)
 59784 | D:15     | Received a gift from Trog
 60026 | Crypt:1  | Entered Level 1 of the Crypt
 60131 | Crypt:1  | Reached XP level 24. HP: 139/160 MP: 32/36
 61504 | Crypt:2  | Found a magical portal.
 61509 | WizLab   | Entered Cigotuvi's Fleshworks
 62224 | Crypt:2  | Received a gift from Trog
 62568 | Crypt:3  | Entered Level 3 of the Crypt
 62765 | Crypt:3  | Found an ancient bone altar of Kikubaaqudgha.
 62916 | Crypt:3  | Got a distressingly furry scale mail
 62917 | Crypt:3  | Identified the +2 scale mail of the First Snow {-Cast rElec rN+ Int+4} (You found it on level 3 of the Crypt)
 63097 | Crypt:3  | Reached XP level 25. HP: 143/168 MP: 36/36
 64263 | Crypt:3  | Noticed Khufu
 64800 | Crypt:3  | Received a gift from Trog
 64922 | Crypt:3  | Found a staircase to the Tomb.
 64932 | Crypt:3  | Killed Khufu
 64978 | Tomb:1   | Entered Level 1 of the Tomb of the Ancients
 65601 | Tomb:1   | Noticed a greater mummy
 65625 | Tomb:1   | Killed a greater mummy
 65645 | Tomb:1   | Noticed a greater mummy
 65645 | Tomb:1   | Noticed a greater mummy
 65784 | Crypt:3  | Received a gift from Trog
 67517 | Depths:2 | Found a gateway to a ziggurat.
 67534 | Depths:2 | Gained mutation: You are weak. (Str -2) [a shining eye]
 67541 | Depths:2 | Paralysed by a giant eyeball for 2 turns
 67967 | Depths:2 | Received a gift from Trog
 68012 | Depths:2 | Found a one-way gate leading to the halls of Pandemonium.
 68034 | Depths:2 | Gained mutation: You are clumsy. (Dex -2) [a neqoxec]
 68315 | Depths:2 | Reached XP level 26. HP: 140/181 MP: 12/36
 68515 | Depths:2 | Received a gift from Trog
 68914 | Depths:2 | Got an ichor-stained ring mail
 68915 | Depths:2 | Identified the +5 ring mail of Chill Winds {Regen+ Int+5 Stlth-} (You found it on level 2 of the Depths)
 69239 | Depths:2 | Found a deep blue altar of Sif Muna.
 69591 | Vaults:5 | Entered Level 5 of the Vaults
 69612 | Vaults:5 | Received a gift from Trog
 69857 | Vaults:5 | Noticed an ancient lich
 70370 | Vaults:5 | Upgraded the game from 0.19-a0-526-gbe2e51c to 0.19-a0-559-ga3d69d0
 70385 | Vaults:5 | Got a pair of dazzling gloves
 70396 | Vaults:5 | Identified the +1 pair of gloves "Aranykko" {+Fly rC- Int+7} (You found it on level 5 of the Vaults)
 70406 | Vaults:5 | Got a jewelled hand crossbow
 70407 | Vaults:5 | Identified the cursed +1 hand crossbow "Bovuirphade" {velocity, -Tele rN++ Str+3 Dex+3} (You found it on level 5 of the Vaults)
 70478 | Vaults:5 | Noticed an ancient lich
 70513 | Vaults:5 | Killed an ancient lich
 70892 | Vaults:5 | Noticed an ancient lich
 70971 | Vaults:5 | Shot with a bolt by a yaktaur captain

Vault maps used:
D:1:      dpeg_arrival_concentric_ovals
D:2:      grunt_temple_overflow_order_and_chaos_1, ecumenical_altar_1
D:3:      okawaru_altar_gauntlet_db, first_bread, uniq_crazy_yiuf_cottage
D:4:      nicolae_overflow_quartered_altars
D:5:      kennysheep_mini
D:6:      temple_garden, serial_shops, shop, trog_butcher_becter
D:7:      overflow_temple_1_default, solitary_fountain, uniq_prince_ribbit1
D:8:      lemuel_ice_statue, grunt_temple_overflow_growth_and_decay,
          nemelex_xobeh_ov_fountains_minmay, uniq_maurice, uniq_erolcha,
          uniq_grum
D:9:      grunt_temple_overflow_lords_of_destruction, hangedman_ranch,
          minmay_ruffians
D:10:     david_orc_4, minmay_misc_feat_columns
D:11:     grunt_lair_entry_orc_guard_hut, serial_shops, shop
D:12:     serial_glass, glass_columns_a, glass_columns_a, uniq_maud,
          uniq_josephine
D:13:     erik_vaults_1
D:14:     kennysheep_flooded_box
D:15:     grunt_enter_depths_snipers, grunt_dithmenos_smoke
Lair:1:   beast_lair_carwin_6
Lair:2:   minmay_lair_oklob_chamber, roderic_batcave, uniq_nergalle
Lair:3:   kennysheep_rathole, shoals_dummy_entry, basic_altar, st_stairs_3,
          serial_bayou_ford_a
Lair:4:   special_room, serial_bayou_shore_a, serial_bayou_shore_b,
          grunt_megastairs_4, serial_bayou_shore_b
Lair:5:   uniq_snorg
Lair:6:   minmay_snake_entry_guardpost_large, minmay_slime_entry_pillars,
          lemuel_fruit_fields
Lair:7:   serial_bayou_shore_b, uniq_kirke, uniq_nessos
Lair:8:   evil_forest
Shoals:1: cheibrodos_shoals_oceanic_diplomacy
Shoals:2: st_sunken_huts, uniq_frances, uniq_nikola, uniq_polyphemus
Shoals:4: shoals_end_simple, shoals_ilsuiw_ice, nicolae_shoals_this_corrosion
Snake:1:  hangedman_snake_corridor_split
Snake:2:  serial_bayou, serial_bayou_pond_c, serial_bayou_lagoon_a,
          serial_bayou_pond_d, serial_bayou_pond_d
Snake:3:  basic_altar, st_stairs_10, serial_bayou_pond_a, grunt_megastairs_2
Snake:4:  snake_pit
Orc:1:    basic_altar
Orc:2:    st_orc_ogre_mass, serial_shops, shop_statue
Elf:1:    eino_elf_arrival_altar, nicolae_trove_entry_crystal,
          portal_ice_cave_entry_pillars_2, minmay_elf_annihilation,
          grunt_ministairs_1, uniq_agnes
Elf:2:    serial_shops, shop
Elf:3:    elf_hall
Vaults:1: v_misc_26, v_misc_22, v_misc_5, v_alt_pattern_6, v_alt_pattern_5,
          v_pattern_3, grunt_vaults_focal, v_misc_28, vaults_room_pool,
          nicolae_vaults_shelves_hall, nicolae_vaults_little_squares_4,
          ontoclasm_vaults_twist, serial_shops, shop_statue, basic_altar,
          uniq_donald, uniq_aizul
Vaults:2: v_alt_pattern_1, nicolae_vaults_circle_grid_b,
          hangedman_vaults_capsules, v_misc_25, hangedman_vaults_nails,
          nicolae_vaults_alarming
Vaults:3: nicolae_vaults_what_the_h, vaults_standard_mumra_x, v_misc_22,
          v_misc_28, v_misc_18, minmay_crypt_entry_simple_box, v_misc_14,
          nicolae_vaults_shelves_hall, vaults_room_grid, v_misc_2,
          nicolae_vaults_sealed_display, nicolae_vaults_gold_heap,
          vaults_room_pool
Vaults:4: nicolae_vaults_little_squares_6, ontoclasm_vaults_hangar,
          vaults_mumra_minichess, hangedman_vaults_variations, v_misc_1,
          nicolae_vaults_big_ls, ontoclasm_vaults_loading_screen,
          vaults_room_fours, nicolae_vaults_specimen_jars, serial_shops,
          nicolae_shop_competitors_out_of_business, nicolae_shop_statue_plus,
          nicolae_shop_statue_plus, nicolae_shop_waterfront, shop
Vaults:5: serial_shops
Crypt:1:  minmay_shadows, st_stairs_9, grunt_crypt_arrival_split
Crypt:2:  infiniplex_enter_wizlab_spiral
Crypt:3:  grunt_crypt_end_deaths_head
Depths:1: lightli_too_deep, corexii_hall_statues_u, minivault_14, hex_medium,
          kennysheep_boxes, serial_bayou_shore_b, uniq_mara, uniq_enchantress
Depths:2: minmay_swirls_squares, enter_ziggurat_c, pf_hell_entry_tar_river,
          grunt_decor_mini_mirrors, grunt_pan_entry_spiral, lemuel_statue_altar
IceCv:    ice_cave_caverns_02
WizLab:   wizlab_cigotuvi

Skill      XL: |  1  2  3  4  5  6  7  8  9 10 11 12 13 14 15 16 17 18 19 20 21 22 23 24 25 26 |
---------------+-------------------------------------------------------------------------------+-----
Short Blades   | 5 6 7 8 10 11 12 14 15 16 17 18 20 21 | 21.0
Fighting       | 4 5 6 7 8 9 10 11 12 13 14 15 16 17 18 20 22 | 22.4
Armour         | 2 4 5 6 7 10 11 | 11.3
Dodging        | 3 6 7 10 11 14 16 18 19 21 | 21.0
Stealth        | 6 10 13 14 15 16 17 18 22 23 | 23.6
Evocations     | 10 11 13 17 19 | 19.0
Shields        | 3 6 8 10 11 | 11.2
Throwing       | 7 10 | 10.1

Action                   |  1- 3 |  4- 6 |  7- 9 | 10-12 | 13-15 | 16-18 | 19-21 | 22-24 | 25-27 || total
-------------------------+-------+-------+-------+-------+-------+-------+-------+-------+-------++-------
Melee: Short sword       |   127 |   207 |   360 |   435 |   327 |   782 |    46 |   186 |   243 ||  2713
       Rapier            |       |       |       |   693 |  2217 |  1457 |  2590 |  1873 |  1289 || 10119
Throw: Throwing net      |       |       |       |     3 |     3 |     5 |     3 |     8 |     7 ||    29
Invok: Berserk           |       |     3 |     8 |    14 |    17 |     7 |     3 |     2 |     7 ||    61
       Trog's Hand       |       |       |       |     4 |     3 |     6 |     8 |    11 |     7 ||    39
       Brothers in Arms  |       |       |       |     1 |     6 |     6 |     2 |     6 |     4 ||    25
       Burn Spellbooks   |       |       |       |       |     3 |     3 |     2 |     8 |     3 ||    19
 Abil: Evoke Blink       |       |       |       |       |     6 |     7 |    17 |     6 |     3 ||    39
       Evoke Invisibilit |       |       |       |       |     1 |       |       |       |       ||     1
Evoke: Wand              |       |       |       |     1 |     4 |     6 |    22 |    11 |    23 ||    67
  Use: Scroll            |     7 |       |     7 |    15 |    20 |    17 |    18 |    23 |    21 ||   128
       Potion            |       |       |     2 |     5 |     7 |     3 |     6 |    12 |     6 ||    41
 Stab: Distracted        |       |       |       |     1 |     7 |    15 |    23 |    14 |     8 ||    68
       Sleeping          |       |       |       |    11 |    78 |    57 |    85 |    91 |    18 ||   340
       Held in net/web   |       |       |       |     1 |       |       |     4 |     6 |     1 ||    12
       Invisible         |       |       |       |       |       |       |       |     2 |       ||     2
  Eat: Chunk             |     8 |     8 |    24 |    31 |    55 |    49 |    35 |    29 |    20 ||   259
       Pizza             |       |       |       |     2 |     7 |       |     1 |     1 |     1 ||    12
       Royal jelly       |       |       |       |     1 |     6 |     2 |     6 |     2 |       ||    17
       Beef jerky        |       |       |       |       |       |       |     5 |       |     6 ||    11
       Meat ration       |       |       |       |       |       |       |       |     1 |     1 ||     2
Armor: Ring mail         |    33 |    46 |    78 |   144 |   361 |       |   132 |       |       ||   794
       Scale mail        |       |       |       |       |   125 |   284 |    78 |   140 |   121 ||   748
       Mottled dragon ar |       |       |       |       |       |       |       |    62 |    79 ||   141
Dodge: Dodged            |    96 |   145 |   186 |   622 |  2031 |  1538 |  1489 |   908 |   925 ||  7940
Block: Other             |       |       |       |     3 |       |       |       |       |       ||     3
       Buckler           |       |       |       |       |    55 |   707 |       |       |       ||   762
       Shield            |       |       |       |       |       |     2 |  1770 |  1117 |   946 ||  3835
       Reflection        |       |       |       |       |       |       |   161 |    49 |    21 ||   231
